 Dungeon Sprint DCSS version 0.30-a0-219-gf2db51d15e (webtiles) character file.

Game seed: 15967964323434785764

46837 mhtbhm the End of an Era (level 14, -3/150 HPs)
             Began as a Gargoyle Fighter on Oct 7, 2022.
             Was the Champion of Qazlal.
             Killed from afar by a Hell Sentinel (33 damage)
             ... with damnation
             ... summoned by Dispater
             ... in the Dungeon (Sprint VII: "The Pits").
             The game lasted 00:11:45 (3288 turns).

mhtbhm the End of an Era (Gargoyle Fighter)         Turns: 3288, Time: 00:11:46

Health: -3/150     AC: 45    Str: 30    XL:     14   Next: 39%
Magic:  25/29      EV:  9    Int:  8    God:    Qazlal [******]
Gold:   12         SH: 17    Dex: 13    Spells: 13/13 levels left

rFire   + . .      SeeInvis .    a - +9 morningstar of Eploes {vorpal, Str+4}
rCold   + + .      Faith    .    c - +0 buckler
rNeg    + + .      Spirit   .    b - +2 gold dragon scales
rPois   ∞          Reflect  .    I - +1 helmet
rElec   +          Harm     .    H - +1 cloak
rCorr   .          Rampage  .    (no gloves)
Will    +....      NoTele   +    s - +1 pair of boots
Stlth   ..........               (no amulet)
HPRegen 0.45/turn                D - ring "Tilunyogo" {rC+ rN+ Dex+4}
MPRegen 0.21/turn                q - +3 ring of protection

@: mighty, berserking (expiring), protected from physical damage, flying,
hasted, repel missiles, very quick
A: sickness immunity, AC +10, big wings, negative energy resistance 1,
electricity resistance, torment resistance 1, petrification resistance
a: Renounce Religion, Upheaval, Elemental Force, Disaster Area


You were in the Dungeon.
You worshipped Qazlal.
Qazlal was exalted by your worship.
You visited 1 branch You collected 12 gold pieces.

Inventory:

Hand Weapons
 a - the +9 morningstar of Eploes (weapon) {vorpal, Str+4}
   (You found it in the Dungeon)

   It inflicts extra damage upon your enemies.
   Str:       It affects your strength (+4).
 t - a +3 vorpal great mace
 B - the +7 broad axe of the Wary Wonders {speed, Int+3 Stlth+}
   (You took it off a vampire mage in the Dungeon)

   Attacks with this weapon are significantly faster.
   Int:       It affects your intelligence (+3).
   Stlth:     It makes you more stealthy.
Missiles
 n - 8 poisoned darts
 u - 4 throwing nets
 v - 2 curare-tipped darts (quivered)
Armour
 b - +2 gold dragon scales (worn)
 c - a +0 buckler (worn)
 s - a +1 pair of boots (worn)
 H - a +1 cloak (worn)
 I - a +1 helmet (worn)
Jewellery
 q - a +3 ring of protection (right hand)
 C - a ring of positive energy
 D - the ring "Tilunyogo" (left hand) {rC+ rN+ Dex+4}
   (You found it in the Dungeon)

   [ring of protection from cold]

   Dex:       It affects your dexterity (+4).
   rC:        It protects you from cold.
   rN:        It protects you from negative energy.
 F - a ring of see invisible
 G - a ring of ice
Scrolls
 j - 3 scrolls of blinking
 l - 5 scrolls of amnesia
 m - a scroll of summoning
 w - 2 scrolls of enchant armour
 x - 2 scrolls of enchant weapon
 y - 5 scrolls of identify
 z - 2 scrolls of fear
 A - a scroll of silence
Potions
 d - a potion of might
 e - 10 potions of curing
 f - 10 potions of heal wounds
 g - 2 potions of haste
 h - 4 potions of magic
 i - 2 potions of berserk rage
 k - a potion of invisibility
 o - a potion of resistance
 r - 4 potions of mutation
Miscellaneous
 p - a phantom mirror
 E - a phial of floods


   Skills:
 + Level 16.8 Fighting
 + Level 17.9 Maces & Flails
 + Level 0.2 Throwing
 + Level 13.7 Armour
 + Level 8.8 Dodging
 + Level 6.7 Stealth
 + Level 20.4 Shields
 * Level 22.1 Invocations


You had 13 spell levels left.
You didn't know any spells.
Your spell library was empty.

Dungeon Overview and Level Annotations

Branches:
Dungeon (1/1)

Altars:
Ashenzari
Cheibriados
Dithmenos
Elyvilon
Fedhas
Gozag
Hepliaklqana
Kikubaaqudgha
Makhleb
Nemelex Xobeh
Okawaru
Qazlal
Ru
Sif Muna
Trog
Uskayaw
Vehumet
Wu Jian
Xom
Yredelemnul
Zin
The Shining One
Jiyva
Lugonu

Annotations:
D Dispater


Innate Abilities, Weirdness & Mutations

You are immune to sickness and miasma.
Your stone body is resilient. (AC +10)
You are immune to poison.
Your large and strong wings let you fly.
You resist negative energy. (rN+)
You are resistant to electric shocks. (rElec)
You are resistant to unholy torment.
You are immune to petrification.


Message History

Your fire elemental disappears in a puff of smoke! x2
Your water elemental disappears in a puff of smoke!
The Hell Sentinel gestures at you.
The sphere of damnation explodes!
The damnation engulfs you!!
The damnation engulfs the Hell Sentinel.
The Hell Sentinel completely resists.
The damnation engulfs Dispater.
Dispater completely resists.
You perforate Dispater like a sieve!!!
Dispater is lightly wounded.
You completely miss Dispater.
Dispater is lightly wounded.
Dispater gestures at you.
The sphere of damnation explodes!
The damnation engulfs you!!
The damnation engulfs the Hell Sentinel.
The Hell Sentinel completely resists.
The damnation engulfs Dispater.
Dispater completely resists.
The Hell Sentinel hits you!! You block the Hell Sentinel's attack.
You puncture Dispater!
Dispater is lightly wounded.
Unknown command.
You hit Dispater but do no damage.
Dispater is lightly wounded.
You block Dispater's attack. You block the Hell Sentinel's attack.
The Hell Sentinel hits you but does no damage.
The Hell Sentinel gestures at you.
The sphere of damnation explodes!
The damnation engulfs you!!
* * * LOW HITPOINT WARNING * * *
The damnation engulfs the Hell Sentinel.
The Hell Sentinel completely resists.
The damnation engulfs the Hell Sentinel.
The Hell Sentinel completely resists.
The damnation engulfs Dispater.
Dispater completely resists.
You bludgeon Dispater!!
Dispater is lightly wounded.
Unknown command.
You hit Dispater but do no damage.
Dispater is lightly wounded.
Dispater gestures.
The Hell Sentinel gestures at you.
The sphere of damnation explodes!
The damnation engulfs you!!
You die...

#+# #.# #'#
####################'#
..............○.1&...#
...............1@1°[.#
###[)##############..#
..[.....#[['...'[[#..#
.[..[[..#[[#...#.[#..#
###[)#######...####..#
.÷)))...#.........#..#
.[[)..)..)........#..#
.)..).).#).[......#..#
###..####)##'###'##


You could see Dispater and 3 Hell Sentinels.

Vanquished Creatures
  A nagaraja (D)
  An orc warlord (D)
  A minotaur (D)
  A dire elephant (D)
  A deep elf annihilator (D)
  A blizzard demon (D)
  A great orb of eyes (D)
  A yaktaur captain (D)
  Harold (D)
  5 vault guards (D)
  A merfolk avatar (D)
  An ice dragon (D)
  An anaconda (D)
  2 naga warriors (D)
  A boulder beetle (D)
  A death yak (D)
  A vampire mage (D)
  A deep elf knight (D)
  Sonja (D)
  2 sun demons (D)
  Nergalle (D)
  5 hell knights (D)
  A shadow wraith (D)
  A sixfirhy (D)
  A deep troll (D)
  A flayed ghost (D)
  A phantasmal warrior (D)
  A necromancer (D)
  8 orc knights (D)
  A deep elf pyromancer (D)
  3 orc sorcerers (D)
  4 slime creatures (D)
  A gargoyle (D)
  A smoke demon (D)
  An eye of devastation (D)
  A komodo dragon (D)
  4 yaktaurs (D)
  3 kobold demonologists (D)
  A guardian mummy (D)
  2 rime drakes (D)
  A wandering mushroom (D)
  A wind drake (D)
  A tarantella (D)
  2 trolls (D)
  2 polar bears (D)
  7 blink frogs (D)
  6 dream sheep (D)
  A flying skull (D)
  3 spriggans (D)
  A ynoxinul (D)
  A water elemental (D)
  2 wyverns (D)
  A vampire (D)
  7 vampire mosquitoes (D)
  3 steam dragons (D)
  4 redbacks (D)
  2 acid dragons (D)
  2 water moccasins (D)
  A floating eye (D)
  A swamp drake (D)
  8 orc warriors (D)
  A wolf (D)
  An ogre (D)
  A centaur (D)
  2 phantoms (D)
  2 kobold brigands (D)
  A necrophage (D)
  A gnoll sergeant (D)
  5 wights (D)
  A crimson imp (D)
  4 orc priests (D)
  2 hounds (D)
  A jelly (D)
  An orc wizard (D)
  5 gnolls (D)
  An ufetubus (D)
  An adder skeleton (D)
  An adder zombie (D)
  An adder simulacrum (D)
  4 orcs (D)
  A ball python (D)
  An endoplasm (D)
  4 goblins (D)
  A hobgoblin (D)
  3 bats (D)
  2 kobolds (D)
  A rat (D)
174 creatures vanquished.

Vanquished Creatures (collateral kills)
  Saint Roka (D)
  A ghost moth (D)
  An orc warlord (D)
  A hydra (D)
  2 hell knights (D)
  3 orc knights (D)
  A kobold (D)
10 creatures vanquished.

Vanquished Creatures (others)
  A fire elemental (D)
  A warg (D)
  2 orcs (D)
4 creatures vanquished.

Grand Total: 188 creatures vanquished

Notes
Turn   | Place    | Note
-------+----------+-------------------------------------------
     0 | D        | mhtbhm the Gargoyle Fighter began the quest for the Orb.
     0 | D        | Reached XP level 1. HP: 14/14 MP: 1/1
    17 | D        | Found a bloodstained altar of Trog.
    17 | D        | Found a shimmering blue altar of Sif Muna.
    17 | D        | Found a viscous altar of Jiyva.
    17 | D        | Found a hazy altar of Hepliaklqana.
    17 | D        | Found an opulent altar of Gozag.
    18 | D        | Found a glowing golden altar of the Shining One.
    18 | D        | Found a glowing silver altar of Zin.
    18 | D        | Found a basalt altar of Yredelemnul.
    18 | D        | Found a shimmering altar of Xom.
    18 | D        | Found an ornate altar of the Wu Jian Council.
    18 | D        | Found a sacrificial altar of Ru.
    18 | D        | Found a stormy altar of Qazlal.
    18 | D        | Found an iron altar of Okawaru.
    18 | D        | Found a sparkling altar of Nemelex Xobeh.
    18 | D        | Found a burning altar of Makhleb.
    18 | D        | Found a blossoming altar of Fedhas.
    18 | D        | Found a white marble altar of Elyvilon.
    18 | D        | Found a shadowy altar of Dithmenos.
    18 | D        | Found a snail-covered altar of Cheibriados.
    20 | D        | Found a radiant altar of Vehumet.
    20 | D        | Found a corrupted altar of Lugonu.
    21 | D        | Found a hide-covered altar of Uskayaw.
    21 | D        | Found an ancient bone altar of Kikubaaqudgha.
    21 | D        | Found a broken altar of Ashenzari.
    29 | D        | Became a worshipper of Qazlal Stormbringer
    83 | D        | Reached * piety under Qazlal
    84 | D        | Reached skill level 1 in Invocations
    84 | D        | Reached XP level 2. HP: 20/20 MP: 2/2
   199 | D        | Reached skill level 2 in Invocations
   232 | D        | Noticed a phantom
   259 | D        | Killed a phantom
   259 | D        | Reached ** piety under Qazlal
   260 | D        | Reached skill level 5 in Fighting
   260 | D        | Reached skill level 5 in Armour
   260 | D        | Reached skill level 5 in Shields
   260 | D        | Reached skill level 4 in Invocations
   260 | D        | Reached XP level 3. HP: 16/26 MP: 3/6
   260 | D        | Reached XP level 4. HP: 19/31 MP: 3/7
   408 | D        | Noticed a floating eye
   411 | D        | Killed a floating eye
   412 | D        | Reached skill level 1 in Dodging
   412 | D        | Reached skill level 5 in Invocations
   412 | D        | Reached XP level 5. HP: 37/37 MP: 8/8
   475 | D        | Noticed a flying skull
   475 | D        | Noticed a centaur
   480 | D        | Reached *** piety under Qazlal
   483 | D        | Noticed a kobold brigand
   484 | D        | Killed a centaur
   485 | D        | Reached skill level 5 in Maces & Flails
   485 | D        | Reached skill level 6 in Invocations
   485 | D        | Reached XP level 6. HP: 44/44 MP: 8/10
   510 | D        | Killed a flying skull
   511 | D        | Reached skill level 7 in Invocations
   511 | D        | Reached XP level 7. HP: 26/48 MP: 10/12
   520 | D        | Reached **** piety under Qazlal
   541 | D        | Reached ***** piety under Qazlal
   690 | D        | Noticed a deep troll
   704 | D        | Killed a deep troll
   705 | D        | Reached skill level 9 in Invocations
   705 | D        | Reached XP level 8. HP: 56/56 MP: 12/14
   779 | D        | Noticed a polar bear
   779 | D        | Noticed a wyvern
   787 | D        | Killed a wyvern
   788 | D        | Reached skill level 10 in Maces & Flails
   788 | D        | Reached XP level 9. HP: 48/60 MP: 16/16
   791 | D        | Killed a polar bear
   792 | D        | Reached skill level 10 in Shields
   798 | D        | Found the +8 Vampire's Tooth {vamp}
   808 | D        | Reached ****** piety under Qazlal
   942 | D        | Reached skill level 10 in Invocations
   949 | D        | Noticed a tarantella
   953 | D        | Reached skill level 10 in Armour
   963 | D        | Killed a tarantella
  1012 | D        | Noticed a komodo dragon
  1023 | D        | Reached skill level 10 in Fighting
  1023 | D        | Killed a komodo dragon
  1024 | D        | Reached skill level 11 in Invocations
  1027 | D        | Reached XP level 10. HP: 39/68 MP: 18/18
  1133 | D        | Noticed an anaconda
  1143 | D        | Killed an anaconda
  1193 | D        | Noticed a phantasmal warrior
  1206 | D        | Killed a phantasmal warrior
  1294 | D        | Noticed a sixfirhy
  1300 | D        | Noticed an orc knight
  1303 | D        | Reached skill level 12 in Invocations
  1304 | D        | Killed a sixfirhy
  1305 | D        | Reached skill level 1 in Stealth
  1340 | D        | Killed an orc knight
  1494 | D        | Noticed a sun demon
  1508 | D        | Killed a sun demon
  1509 | D        | Reached XP level 11. HP: 57/76 MP: 20/20
  1510 | D        | Reached skill level 13 in Invocations
  1578 | D        | Noticed a deep elf pyromancer
  1582 | D        | Noticed a boulder beetle
  1590 | D        | Killed a deep elf pyromancer
  1613 | D        | Killed a boulder beetle
  1615 | D        | Killed a shadow wraith
  1643 | D        | Noticed Harold
  1667 | D        | Killed Harold
  1807 | D        | Noticed a death yak
  1810 | D        | Noticed Sonja
  1821 | D        | Killed a death yak
  1822 | D        | Reached skill level 5 in Dodging
  1822 | D        | Reached skill level 14 in Invocations
  1829 | D        | Reached skill level 15 in Maces & Flails
  1829 | D        | Reached skill level 15 in Shields
  1864 | D        | Killed Sonja
  1963 | D        | Noticed a sun demon
  1966 | D        | Noticed a flayed ghost
  1981 | D        | Killed a flayed ghost
  1989 | D        | Killed a sun demon
  1990 | D        | Reached XP level 12. HP: 82/84 MP: 21/23
  2022 | D        | Noticed a minotaur
  2024 | D        | Noticed a five-headed hydra
  2025 | D        | Reached skill level 15 in Invocations
  2035 | D        | Killed a minotaur
  2039 | D        | Killed a five-headed hydra
  2048 | D        | Noticed a sun demon
  2060 | D        | HP: 2/84 [red devil/+0 trident[a kobold demonologist] (6)]
  2425 | D        | Killed a ghost moth
  2459 | D        | Reached skill level 16 in Invocations
  2471 | D        | Got the ring "Tilunyogo" {rC+ rN+ Dex+4}
  2617 | D        | Noticed a dire elephant
  2617 | D        | Identified the +7 broad axe of the Wary Wonders {speed,
                  | Int+3 Stlth+}
  2617 | D        | Noticed a vampire mage
  2619 | D        | Noticed a great orb of eyes
  2620 | D        | Noticed a nagaraja
  2626 | D        | Killed an ice dragon
  2626 | D        | Killed a vampire mage
  2626 | D        | Killed a dire elephant
  2627 | D        | Reached skill level 17 in Invocations
  2627 | D        | Reached XP level 13. HP: 91/91 MP: 9/25
  2636 | D        | Killed a nagaraja
  2637 | D        | Noticed a blizzard demon
  2638 | D        | Killed a great orb of eyes
  2656 | D        | Killed a blizzard demon
  2657 | D        | Reached skill level 15 in Fighting
  2661 | D        | Reached skill level 18 in Invocations
  2816 | D        | Noticed Nergalle
  2816 | D        | Noticed Saint Roka
  2816 | D        | Noticed an orc warlord
  2816 | D        | Noticed an orc warlord
  2817 | D        | Killed Nergalle
  2817 | D        | Killed an orc warlord
  2824 | D        | Killed Saint Roka
  2825 | D        | Reached skill level 19 in Invocations
  2828 | D        | Noticed a vault guard
  2828 | D        | Killed an orc warlord
  2834 | D        | Reached skill level 20 in Invocations
  2834 | D        | Killed a vault guard
  2836 | D        | Noticed a yaktaur captain
  2837 | D        | Noticed a vault guard
  2840 | D        | Noticed a deep elf annihilator
  2841 | D        | Gained mutation: Your large and strong wings let you fly.
                  | [Gargoyle growth]
  2841 | D        | Reached XP level 14. HP: 75/100 MP: 9/28
  2863 | D        | Killed a deep elf annihilator
  2869 | D        | Reached skill level 21 in Invocations
  2878 | D        | Reached skill level 5 in Stealth
  2912 | D        | Reached skill level 22 in Invocations
  3012 | D        | Got the +9 morningstar of Eploes {vorpal, Str+4}
  3269 | D        | Found the +4 staff of Dispater
  3269 | D        | Noticed Dispater
  3276 | D        | Noticed a Hell Sentinel
  3279 | D        | Noticed a Hell Sentinel
  3288 | D        | Killed from afar by a Hell Sentinel

Illustrated notes

Levels and vault maps discovered:
D:        pitsprint [storerooms_1, entrance_room_1, metal_vault_4, armoury_2,
          mini_pit_1, grid_room_1, main_hall_1, silver_pit, the_coven_1,
          the_vestibule_1, steel_vault_5, golden_pit, hallway_of_sentries,
          crystal_vault_2, iron_vault_1, final_vault]

Skill      XL: |  1  2  3  4  5  6  7  8  9 10 11 12 13 14 |
---------------+-------------------------------------------+-----
Armour         | 4 5 6 7 9 10 11 12 13 | 13.7
Invocations    | 1 4 5 6 7 9 11 12 14 17 20 22 | 22.1
Fighting       | 5 6 7 9 10 11 13 14 16 | 16.8
Maces & Flails | 3 4 5 6 8 10 12 13 15 16 17 | 17.9
Shields        | 5 6 7 9 11 13 15 18 19 20 | 20.4
Dodging        | 1 2 3 4 5 8 |  8.8
Stealth        | 1 2 3 6 |  6.7
Throwing       | |  0.2

Action                   |  1- 3 |  4- 6 |  7- 9 | 10-12 | 13-15 || total
-------------------------+-------+-------+-------+-------+-------++-------
Melee: Mace              |    47 |     7 |       |       |       ||    54
       Flail             |     1 |    32 |   124 |   300 |    96 ||   553
       Morningstar       |       |       |       |       |     9 ||     9
Throw: Dart              |       |       |       |     1 |       ||     1
Invok: Upheaval          |       |       |       |     3 |       ||     3
       Disaster Area     |       |       |       |     3 |     4 ||     7
       Elemental Force   |       |       |       |     2 |     4 ||     6
  Use: Potion            |     1 |     1 |     2 |     4 |     5 ||    13
 Stab: Distracted        |       |       |       |     1 |       ||     1
       Paralysed         |       |       |       |       |     6 ||     6
Armor: Scale mail        |    17 |     2 |    11 |   122 |       ||   152
       Chain mail        |       |    29 |    39 |     5 |    28 ||   101
       Gold dragon scale |       |       |       |       |     2 ||     2
Dodge: Dodged            |    29 |    19 |    30 |   104 |    24 ||   206
       Repelled          |       |       |       |       |     1 ||     1
Block: Buckler           |    14 |    25 |    72 |   226 |    61 ||   398

Table legend: (Time is in decaauts)
 A = Elapsed time spent in this place.
 B = Non-inter-level travel time spent in this place.
 C = Inter-level travel time spent in this place.
 D = Time resting spent in this place.
 E = Time spent auto-exploring this place.
 F = Levels seen in this place.
 G = Mean time per level.
                   A        B        C        D        E       F      G
               +--------+--------+--------+--------+--------+-----+--------+
         Total |   3201 |   3201 |      0 |   1341 |     23 |   1 | 3201.0 |
       Dungeon |   3201 |   3201 |      0 |   1341 |     23 |   1 | 3201.0 |
               +--------+--------+--------+--------+--------+-----+--------+

Top non-repeatable levels by time:
       D: 3201 daAuts
